 Dungeon Crawl Stone Soup version 0.30.0-20-g3615ddf2f0 (webtiles) character file.

Game seed: 12936794997679874740

2649 qw the Cleaver (level 9, -16/55 HPs)
             Began as a Gargoyle Fighter on May 29, 2023.
             Was a Believer of Okawaru.
             Demolished by a two-headed ogre
             ... wielding a +0 dire flail
              (28 damage)
             ... on level 7 of the Dungeon.
             The game lasted 00:02:32 (6396 turns).

qw the Cleaver (Gargoyle Fighter)                   Turns: 6396, Time: 00:02:33

Health: -16/55     AC: 22    Str: 24    XL:     9   Next: 62%
Magic:  11/12      EV: 10    Int:  9    God:    Okawaru [**....]
Gold:   337        SH:  5    Dex:  9    Spells: 8/8 levels left

rFire   . . .        Y - +3 war axe (chaos)
rCold   . . .        c - +0 buckler
rNeg    + + .        o - +0 chain mail
rPois   inf          (no helmet)
rElec   +            (no cloak)
rCorr   +            n - +2 pair of gloves
SInv    .            f - +0 pair of boots
Will    .....        (no amulet) Stlth
                     q - ring of positive energy
HPRegen 0.29/turn    b - ring of resist corrosion
MPRegen 0.13/turn

%: no passive effects
@: about to teleport, heroic
A: sickness immunity, AC +6, negative energy resistance 1, electricity
resistance, torment resistance 1, petrification resistance
a: Renounce Religion, Heroism


You were on level 7 of the Dungeon.
You worshipped Okawaru.
Okawaru was pleased with you.
You visited 1 branch of the dungeon, and saw 7 of its levels.

You collected 557 gold pieces.
You spent 220 gold pieces at shops.


Innate Abilities, Weirdness & Mutations

You are immune to sickness and miasma.
Your stone body is resilient. (AC +6)
You are immune to poison.
You resist negative energy. (rN+)
You are resistant to electric shocks. (rElec)
You are resistant to unholy torment.
You are immune to petrification.


   Skills:
 - Level 6.0(11.0) Fighting
 - Level 9.0(14.0) Axes
 - Level 2.3(7.3) Throwing
 - Level 4.4(9.4) Armour
 - Level 2.0(7.0) Dodging
 + Level 3.9(8.9) Shields
 - Level 5.0 Invocations


You had 8 spell levels left.
You didn't know any spells.
Your spell library was empty.

Inventory:

Hand Weapons
 h - a +0 flail
 Y - a +3 war axe of chaos (weapon)
Missiles
 i - 2 javelins (quivered)
 j - 7 boomerangs
Armour
 c - a +0 buckler (worn)
 f - a +0 pair of boots (worn)
 n - a +2 pair of gloves (worn)
 o - a +0 chain mail (worn)
 p - a +1 robe of resistance
Jewellery
 b - a ring of resist corrosion (right hand)
 q - a ring of positive energy (left hand)
Scrolls
 a - 3 scrolls of identify
 g - 2 scrolls of torment {unknown}
 k - 2 scrolls of teleportation
 r - a scroll of blinking {unknown}
Potions
 d - 2 potions of might
 e - 3 potions of curing
 l - a potion of resistance
 m - a potion of heal wounds

Dungeon Overview and Level Annotations

Branches:
Dungeon (7/15)             Temple (0/1) D:7

Altars:
Gozag
Okawaru
The Shining One

Shops:
D:2 (   D:4 =


Message History

The two-headed ogre hits you with a +0 dire flail.
You block the two-headed ogre's attack.
A sleepcap comes into view.
Your base Axes skill increases to level 9!
You hit the two-headed ogre.
The two-headed ogre goes berserk!
The two-headed ogre is moderately wounded.
You slash the water moccasin!
The water moccasin suddenly stops moving!
An orc comes into view. It is wielding a +0 falchion.
The two-headed ogre hits you but does no damage.
The two-headed ogre hits you with a +0 giant spiked club.
The helpless water moccasin fails to defend itself.
You slash the water moccasin! You freeze the water moccasin.
The water moccasin is severely wounded.
You completely miss the two-headed ogre.
The orc shouts!
You hear an angry growl.
The two-headed ogre hits you with a +0 dire flail!!
You block the two-headed ogre's attack.
The helpless water moccasin fails to defend itself.
You chop the water moccasin into pieces!!!
You burn the water moccasin.
You kill the water moccasin!
Okawaru accepts your kill.
You barely miss the steam dragon.
You hit the two-headed ogre but do no damage.
The two-headed ogre is poisoned.
You block the steam dragon's attack. The steam dragon closely misses you.
You slash the two-headed ogre!
Lightning courses through the two-headed ogre!
The two-headed ogre is severely wounded.
You barely miss the steam dragon. You barely miss the ice beast.
The two-headed ogre hits you with a +0 dire flail!
The two-headed ogre closely misses you.
6396 ||| READING 3 scrolls of teleportation.
As you read the scroll of teleportation, it crumbles to dust.
You feel strangely unstable. The two-headed ogre barely misses you.
The two-headed ogre hits you with a +0 giant spiked club!!
Ouch! That really hurt!
You die...

#..#...#.#
......# # ### #.
##..#.#
.#####..# #
..#######
.....#.. #..# #
........#
...###.# g #.# #
..#####.# #.#..
.# K# # ###
#.#####.#.# .#
(# #
#.......#o##.#
.#
#####......D.#(#
#.##..@YK.#.#
#.##..#O...#
#.##...f?......
#.###.#.###.!#.
#.# #.#.# ...
#.. ..... #.
#####.#### ...


You could see a two-headed ogre (berserk, very poisoned), a steam dragon, an ice
beast, a kobold brigand, a sleepcap and an orc.

Vanquished Creatures
  Pikel (D:5)
  Grinder (D:6)
  Prince Ribbit (D:6)
  Menkaure (D:5)
  A water moccasin (D:7)
  A black bear (D:6)
  2 ice beasts (D:7)
  2 ogres
  4 lemures (D:5)
  3 phantoms (D:5)
  A gnoll sergeant (D:4)
  3 scorpions
  2 hounds
  A sleepcap (D:6)
  2 orc priests
  2 jellies
  6 iguanas
  4 orc wizards
  4 gnolls (D:5)
  5 adders
  An ufetubus (D:4)
  3 worms (D:4)
  5 dart slugs
  17 orcs
  4 ball pythons
  7 bats
  An endoplasm (D:1)
  3 giant cockroaches
  5 goblins
  6 hobgoblins
  6 jackals
  10 kobolds
  4 quokkas
  2 frilled lizards
  11 rats
132 creatures vanquished.

Notes
Turn   | Place    | Note
-------+----------+-------------------------------------------
     0 | D:1      | qw the Gargoyle Fighter began the quest for the Orb.
     0 | D:1      | Reached XP level 1. HP: 14/14 MP: 1/1
     0 | D:1      | 0 ||| qw: Version: 0.2-a-102-g2b76a06
     0 | D:1      | 0 ||| qw: Game counter: 398
     0 | D:1      | 0 ||| qw: Always use a shield: true
     0 | D:1      | 0 ||| qw: God list: Okawaru
     0 | D:1      | 0 ||| qw: Allow faded altars: false
     0 | D:1      | 0 ||| qw: Do Orc after D:15 true
     0 | D:1      | 0 ||| qw: Do second Lair branch before Depths: true
     0 | D:1      | 0 ||| qw: Lair rune preference: random
     0 | D:1      | 0 ||| qw: Plans: Normal, Zot:1-4, Slime:5, God:TSO, Crypt,
                  | Tomb, Pan, Hells, Abyss, Win
     0 | D:1      | 0 ||| PLANNING D:1-11
    35 | D:1      | Reached skill level 2 in Axes
    81 | D:1      | Found a faded altar of an unknown god.
    84 | D:1      | 84 ||| READING scroll labelled CIHAUTZ XUCHU.
   234 | D:1      | 234 ||| READING scroll labelled CITYITEFRIG.
   263 | D:1      | 263 ||| Stepping ~*~*~tactically~*~*~ (stealth).
   290 | D:1      | Reached XP level 2. HP: 19/19 MP: 2/2
   410 | D:1      | 410 ||| Stepping ~*~*~tactically~*~*~ (hiding).
   591 | D:1      | Reached skill level 3 in Axes
   632 | D:1      | 632 ||| DROPPING +0 club.
   816 | D:1      | Reached XP level 3. HP: 20/23 MP: 3/3
  1212 | D:1      | 1212 ||| Stepping ~*~*~tactically~*~*~ (hiding).
  1250 | D:1      | 1250 ||| DROPPING ring of flight.
  1251 | D:1      | 1251 ||| READING scroll labelled IMIM QAHOM KAFF.
  1252 | D:1      | 1252 ||| READING 2 scrolls labelled OTSETH SILOETO.
  1253 | D:1      | 1253 ||| READING scroll of enchant weapon.
  1253 | D:1      | 1253 ||| ENCHANTING +1 war axe.
  1254 | D:1      | 1254 ||| DRINKING 3 glowing sapphire potions.
  1326 | D:2      | Reached skill level 1 in Throwing
  1332 | D:2      | Found Oniuntesu's Weapon Shoppe.
  1361 | D:2      | 1361 ||| Stepping ~*~*~tactically~*~*~ (hiding).
  1427 | D:2      | 1427 ||| Stepping ~*~*~tactically~*~*~ (stealth).
  1430 | D:2      | 1430 ||| Stepping ~*~*~tactically~*~*~ (stealth).
  1444 | D:2      | 1444 ||| Stepping ~*~*~tactically~*~*~ (stealth).
  1445 | D:2      | 1445 ||| Stepping ~*~*~tactically~*~*~ (stealth).
  1450 | D:2      | Reached XP level 4. HP: 28/28 MP: 4/4
  1573 | D:2      | 1573 ||| Stepping ~*~*~tactically~*~*~ (stealth).
  1700 | D:2      | 1700 ||| DROPPING +0 whip.
  1843 | D:2      | 1843 ||| Stepping ~*~*~tactically~*~*~ (hiding).
  2019 | D:2      | 2019 ||| READING scroll labelled PYRAUZE EXTUZEMO.
  2024 | D:2      | 2024 ||| READING 3 scrolls labelled ZITESH QOLIRAL.
  2025 | D:2      | 2025 ||| READING scroll labelled MAPTIGG AHYTH.
  2026 | D:2      | 2026 ||| READING 2 scrolls of identify.
  2026 | D:2      | 2026 ||| IDENTIFYING murky orange potion
  2027 | D:2      | 2027 ||| DROPPING 2 scrolls of fog.
  2028 | D:2      | 2028 ||| DROPPING potion of flight.
  2121 | D:3      | 2121 ||| READING scroll of enchant weapon.
  2121 | D:3      | 2121 ||| ENCHANTING +2 war axe.
  2176 | D:3      | 2176 ||| FLEEEEING.
  2177 | D:3      | 2177 ||| FLEEEEING.
  2178 | D:3      | 2178 ||| FLEEEEING.
  2179 | D:3      | 2179 ||| FLEEEEING.
  2197 | D:3      | 2197 ||| FLEEEEING.
  2198 | D:3      | 2198 ||| Stepping ~*~*~tactically~*~*~ (stealth).
  2240 | D:3      | 2240 ||| DROPPING +0 mace of protection.
  2266 | D:3      | 2266 ||| Stepping ~*~*~tactically~*~*~ (stealth).
  2268 | D:3      | 2268 ||| Stepping ~*~*~tactically~*~*~ (stealth).
  2273 | D:3      | Reached skill level 4 in Axes
  2274 | D:3      | 2274 ||| Stepping ~*~*~tactically~*~*~ (hiding).
  2275 | D:3      | 2275 ||| Stepping ~*~*~tactically~*~*~ (hiding).
  2284 | D:3      | Reached XP level 5. HP: 32/32 MP: 5/5
  2806 | D:3      | Found an iron altar of Okawaru.
  2807 | D:3      | 2807 ||| PLANNING OKAWARU WORSHIP
  2807 | D:3      | 2807 ||| UPGRADING to +0 pair of gloves.
  2812 | D:3      | 2812 ||| READING scroll of enchant armour.
  2812 | D:3      | 2812 ||| ENCHANTING +0 pair of gloves.
  2813 | D:3      | 2813 ||| READING scroll labelled MAOSOME ROTU.
  2814 | D:3      | 2814 ||| READING scroll labelled PAVVAEGA BOCAQ.
  2822 | D:3      | Became a worshipper of Warmaster Okawaru
  2822 | D:3      | 2822 ||| PLANNING D:1-11
  2976 | D:4      | 2976 ||| Stepping ~*~*~tactically~*~*~ (hiding).
  2986 | D:4      | Reached skill level 5 in Axes
  2992 | D:4      | Reached XP level 6. HP: 26/38 MP: 6/6
  3052 | D:4      | 3052 ||| Stepping ~*~*~tactically~*~*~ (stealth).
  3229 | D:4      | 3229 ||| Stepping ~*~*~tactically~*~*~ (stealth).
  3253 | D:4      | Found Bohetog's Jewellery Boutique.
  3263 | D:4      | 3263 ||| SHOPLISTING amulet of faith (440 gold, have 289).
  3263 | D:4      | 3263 ||| SHOPLISTING ring "Cuesadgh" {rPois rF+ Will-
                  | Str+5} (467 gold, have 289).
  3263 | D:4      | 3263 ||| BUYING ring of positive energy (220 gold).
  3263 | D:4      | Bought a ring of positive energy for 220 gold pieces
  3263 | D:4      | 3263 ||| SHOPLISTING ring of willpower (275 gold, have 69).
  3454 | D:4      | Reached * piety under Okawaru
  3455 | D:4      | Reached XP level 7. HP: 43/43 MP: 7/7
  3534 | D:4      | 3534 ||| UPGRADING to +0 pair of boots.
  3539 | D:4      | 3539 ||| UPGRADING to +0 chain mail.
  3549 | D:4      | 3549 ||| DROPPING +0 scale mail.
  3550 | D:4      | 3550 ||| UPGRADING to ring of positive energy.
  3551 | D:4      | 3551 ||| DRINKING 2 clear potions.
  3552 | D:4      | 3552 ||| READING 4 scrolls of identify.
  3552 | D:4      | 3552 ||| IDENTIFYING metallic emerald potion
  3553 | D:4      | 3553 ||| READING 3 scrolls of identify.
  3553 | D:4      | 3553 ||| IDENTIFYING murky coppery potion
  3554 | D:4      | 3554 ||| READING 2 scrolls of identify.
  3554 | D:4      | 3554 ||| IDENTIFYING metallic orange potion
  3555 | D:4      | 3555 ||| DROPPING potion of invisibility.
  3556 | D:4      | 3556 ||| DROPPING potion of berserk rage.
  3571 | D:5      | Entered Level 5 of the Dungeon
  3572 | D:5      | 3572 ||| INVOKING Heroism.
  3582 | D:5      | 3582 ||| STAIRDANCE
  3604 | D:5      | 3604 ||| INVOKING Heroism.
  3608 | D:5      | Reached skill level 6 in Axes
  3817 | D:5      | Reached skill level 1 in Invocations
  3865 | D:5      | 3865 ||| INVOKING Heroism.
  3866 | D:5      | 3866 ||| INVOKING Heroism.
  3995 | D:5      | 3995 ||| Stepping ~*~*~tactically~*~*~ (hiding).
  4258 | D:5      | Reached XP level 8. HP: 48/48 MP: 9/9
  4392 | D:5      | 4392 ||| Stepping ~*~*~tactically~*~*~ (stealth).
  4395 | D:5      | 4395 ||| Stepping ~*~*~tactically~*~*~ (stealth).
  4396 | D:5      | Noticed Pikel
  4397 | D:5      | 4397 ||| INVOKING Heroism.
  4414 | D:5      | Reached skill level 7 in Axes
  4414 | D:5      | Reached skill level 3 in Invocations
  4414 | D:5      | 4414 ||| INVOKING Heroism.
  4423 | D:5      | Killed Pikel
  4609 | D:5      | Noticed Menkaure
  4610 | D:5      | 4610 ||| INVOKING Heroism.
  4613 | D:5      | Killed Menkaure
  4850 | D:5      | Reached XP level 9. HP: 55/55 MP: 12/12
  4970 | D:5      | 4970 ||| Stepping ~*~*~tactically~*~*~ (hiding).
  4971 | D:5      | 4971 ||| Stepping ~*~*~tactically~*~*~ (hiding).
  5342 | D:5      | 5342 ||| READING scroll labelled BECIFOF JEFAU.
  5343 | D:5      | 5343 ||| READING scroll labelled PUYREF YDOT.
  5344 | D:5      | 5344 ||| READING 2 scrolls of identify.
  5344 | D:5      | 5344 ||| IDENTIFYING fizzy white potion
  5345 | D:5      | 5345 ||| DROPPING potion of brilliance.
  5380 | D:6      | Noticed Prince Ribbit
  5381 | D:6      | 5381 ||| INVOKING Heroism.
  5381 | D:6      | Noticed Grinder
  5387 | D:6      | Killed Prince Ribbit
  5388 | D:6      | Reached skill level 8 in Axes
  5400 | D:6      | Killed Grinder
  5400 | D:6      | Reached ** piety under Okawaru
  5474 | D:6      | Found an opulent altar of Gozag.
  5531 | D:6      | 5531 ||| READING scroll of enchant armour.
  5531 | D:6      | 5531 ||| ENCHANTING +1 pair of gloves.
  5538 | D:6      | 5538 ||| INVOKING Heroism.
  5547 | D:6      | Reached skill level 6 in Fighting
  5576 | D:6      | 5576 ||| INVOKING Heroism.
  5861 | D:6      | Found a glowing golden altar of the Shining One.
  5983 | D:6      | 5983 ||| UPGRADING to ring of resist corrosion.
  5984 | D:6      | 5984 ||| READING scroll labelled COEFAZ CUNEWNA.
  6085 | D:6      | 6085 ||| READING scroll labelled PETOSIESAO.
  6086 | D:6      | 6086 ||| READING 3 scrolls of identify.
  6086 | D:6      | 6086 ||| IDENTIFYING red potion
  6087 | D:6      | 6087 ||| DROPPING potion of degeneration.
  6168 | D:7      | Found a staircase to the Ecumenical Temple.
  6385 | D:7      | Noticed a two-headed ogre
  6386 | D:7      | 6386 ||| Stepping ~*~*~tactically~*~*~ (hiding).
  6387 | D:7      | 6387 ||| INVOKING Heroism.
  6392 | D:7      | Reached skill level 9 in Axes
  6395 | D:7      | HP: 12/55 [two-headed ogre/+0 dire flail (11)]
  6396 | D:7      | 6396 ||| READING 3 scrolls of teleportation.
  6396 | D:7      | Demolished by a two-headed ogre

Levels and vault maps discovered:
D:1:      dpeg_arrival_ratfight, layout_basic, chequers_ecumenical_altar_island
D:2:      layout_loops_ring, serial_shops, shop
D:3:      cheibrodos_pilgrimage, layout_basic, mainiacjoe_overflow_alcove_1,
          serial_curves, eino_curves_03, eino_curves_03, eino_curves_02
D:4:      layout_gridville, serial_shops, nicolae_lakefront_shop,
          grunt_ministairs_6, hangedman_decor_riveting
D:5:      layout_layer_cave, glass_columns_a, minmay_misc_feat_columns,
          grunt_ministairs_5, uniq_menkaure, uniq_pikel
D:6:      layout_cave_pools, grunt_gozag_breadcrumbs,
          nicolae_overflow_crystal_walls, due_unseen_surprise,
          uniq_prince_ribbit1, uniq_grinder
D:7:      layout_loops_cross, nicolae_overflow_squiral,
          minmay_temple_entry_nine_rooms, minmay_circle_x

Skill      XL: |  1  2  3  4  5  6  7  8  9 |
---------------+----------------------------+-----
Axes           | 2 3 4 5 6 7 9 |  9.0
Throwing       | 1 2 |  2.3
Fighting       | 4 5 6 |  6.0
Dodging        | 2 |  2.0
Invocations    | 2 5 |  5.0
Armour         | 4 |  4.4
Shields        | |  3.9

Action                     |  1- 3 |  4- 6 |  7- 9 || total
---------------------------+-------+-------+-------++-------
  Melee: War axe           |    96 |    96 |   128 ||   320
  Throw: Javelin           |    11 |    41 |    25 ||    77
 Invoke: Heroism           |       |       |    10 ||    10
    Use: Scroll            |     5 |     8 |    11 ||    24
         Potion            |     1 |       |     1 ||     2
   Stab: Paralysed         |       |       |     2 ||     2
 Armour: Scale mail        |    51 |    54 |       ||   105
         Chain mail        |       |       |    63 ||    63
  Dodge: Dodged            |    54 |    36 |    50 ||   140
  Block: Buckler           |    17 |    23 |    30 ||    70

Table legend:
 A = Non-vault XP
 B = Vault XP
 C = Vault XP percentage of total XP
 D = Non-vault monster count
 E = Vault monster count
 F = Vault count percentage of total count
                 A         B        C        D         E       F
            +---------+---------+-------+---------+---------+-------
      Total |    1936 |    1849 |  48.9 |     107 |      20 |  15.7
            +---------+---------+-------+---------+---------+-------
        D:1 |      50 |       5 |   9.1 |      27 |       5 |  15.6
        D:2 |      58 |       0 |   0.0 |      18 |       0 |   0.0
        D:3 |      28 |      56 |  66.7 |      13 |       6 |  31.6
        D:4 |     553 |       2 |   0.4 |      22 |       1 |   4.3
        D:5 |     746 |     966 |  56.4 |      19 |       4 |  17.4
        D:6 |     369 |     540 |  59.4 |       7 |       2 |  22.2
        D:7 |     132 |     280 |  68.0 |       1 |       2 |  66.7
            +---------+---------+-------+---------+---------+-------
